Map: Emerald City LE

Players

Zarko

  • Race: Zerg Zerg
  • League: Silver
  • Spawn Location: 11:00

hYtAkYtE

  • Race: Zerg Zerg
  • League: Gold
  • Spawn Location: 11:00

Massa - Winner!

  • Race: Terran Terran
  • League: Platinum
  • Spawn Location: 5:00

qqq - Winner!

  • Race: Protoss Protoss
  • League: Platinum
  • Spawn Location: 5:00

VOD

Have the link to the VOD?

Description

Time

  • Played on: Jan. 2, 2021, 4:48 p.m.
  • Length: 19:53
Show
View Real Time Build Order
Export as new Build Order

Zarko Zerg 

Build Orders: Hatch First, Lurkers 

Get SALT Encoding   

  12  0:01  Drone  
  13  0:12  Overlord  
  13  0:17  Drone  
  14  0:32  Drone x2  
  17  0:35  Drone  
  17  0:45  Drone  
  18  0:57  Hatchery  
  17  0:58  Drone  
  17  1:00  Extractor  
  17  1:13  Spawning Pool  
  17  1:15  Drone  
  17  1:19  Drone  
  18  1:28  Drone  
  19  1:39  Overlord  
  19  2:00  Queen  
  23  2:01  Zergling x4  
  23  2:10  Queen  
  23  2:11  Drone  
  26  2:20  Spine Crawler  
  25  2:24  Extractor  
  25  2:27  Roach Warren  
  20  2:41  Drone x3  
  23  2:54  Lair  
  23  2:55  Drone  
  24  3:25  Overlord x2  
  24  3:30  Evolution Chamber  
  24  3:31  Evolution Chamber  
  22  3:45  Roach x3  
  28  3:55  Roach x3  
  34  3:59  Drone  
  35  4:20  Ravager x2  
  36  4:35  Ravager  
  36  4:37  Overlord x2  
  37  4:39  Zerg Missile Weapons Level 1, Zerg Ground Armor Level 1  
  37  5:02  Ravager  
  38  5:08  Drone x3  
  38  5:10  Spore Crawler  
  40  5:20  Ravager  
  41  5:41  Drone x2  
  41  5:42  Drone  
  44  5:46  Hatchery  
  43  6:00  Ravager  
  44  6:09  Hydralisk Den  
  43  6:18  Drone x5  
  45  6:19  Drone  
  49  6:27  Queen  
  51  6:34  Zerg Missile Weapons Level 2  
  51  6:40  Drone x2  
  53  6:51  Grooved Spines  
  53  6:53  Overlord  
  53  6:59  Drone  
  54  7:06  Drone x3  
  57  7:32  Drone x3  
  57  7:35  Spore Crawler  
  56  7:46  Overseer  
  56  7:52  Hydralisk  
  56  7:53  Hydralisk x4  
  66  8:18  Drone x2  
  68  8:20  Extractor, Overlord x3  
  68  8:21  Extractor  
  66  8:27  Spore Crawler  
  66  8:30  Hydralisk  
  67  8:34  Drone  
  68  8:56  Hydralisk  
  68  9:00  Drone x2  
  68  9:01  Drone  
  73  9:11  Drone x3  
  73  9:12  Drone x2  
  78  9:24  Hydralisk  
  78  9:25  Hydralisk x4  
  88  9:39  Hydralisk  
  88  9:40  Hydralisk  
  92  10:17  Zerg Ground Armor Level 2  
  92  10:19  Hatchery  
  92  10:20  Extractor  
  90  10:21  Muscular Augments  
  90  10:22  Extractor, Spore Crawler, Infestation Pit  
  90  10:24  Spore Crawler, Burrow  
  90  10:25  Lurker Den  
  85  10:31  Hydralisk  
  85  10:32  Hydralisk x5  
  82  10:49  Hydralisk x4  
  90  10:58  Drone x2  
  92  11:31  Hydralisk  
  92  11:32  Hydralisk x4  
  98  11:37  Overlord x3  
  98  11:42  Overlord x4  
  98  11:56  Lurker  
  98  11:58  Lurker  
  98  11:59  Lurker  
  101  12:05  Drone x3  
  104  12:12  Hydralisk x4  
  104  12:13  Hydralisk  
  114  12:26  Roach x4  
  103  13:03  Hydralisk  
  103  13:04  Hydralisk x7  
  87  13:27  Hydralisk  
  87  13:28  Hydralisk x5  
  99  13:38  Hydralisk x5  
  99  13:39  Hydralisk x2  
  113  13:43  Hydralisk  
  113  13:44  Hydralisk x3  
  121  13:50  Drone  
  121  13:51  Drone x2  
  122  13:58  Overseer  
  122  14:14  Lurker  
  122  14:15  Lurker  
  122  14:16  Lurker x2  
  126  14:26  Roach x8  
  142  14:54  Hydralisk  
  142  14:55  Hydralisk x5  
  154  15:13  Hive  
  154  15:25  Overlord  
  154  15:26  Overlord x4  
  154  15:44  Ravager  
  154  15:46  Ravager x7  
  154  15:47  Spore Crawler x2  
  154  15:48  Spore Crawler  
  159  15:53  Drone x3  
  162  16:06  Drone x3  
  162  16:08  Hatchery  
  127  16:36  Hydralisk  
  127  16:37  Hydralisk x8  
  137  17:06  Lurker x5  
  137  17:07  Lurker x4  
  146  17:10  Hydralisk x3  
  152  17:39  Extractor  
  152  17:40  Extractor  
  143  18:24  Hydralisk  
  143  18:25  Hydralisk x10  
  130  18:39  Roach x2  
  130  18:40  Roach  
  129  18:58  Roach x4  
  137  19:08  Hydralisk  
  137  19:09  Hydralisk x4  
  111  19:23  Ravager x7  
Show
View Real Time Build Order
Export as new Build Order

hYtAkYtE Zerg 

Build Orders: Pool First 

Get SALT Encoding   

  12  0:01  Drone  
  13  0:10  Drone  
  14  0:16  Extractor  
  14  0:17  Drone  
  15  0:28  Overlord  
  15  0:46  Drone x3  
  18  0:53  Spawning Pool  
  17  0:58  Drone  
  18  1:11  Drone  
  19  1:18  Extractor  
  19  1:20  Drone  
  19  1:25  Hatchery  
  19  1:29  Extractor  
  19  1:30  Drone  
  18  1:41  Zergling x2  
  18  1:42  Queen  
  21  1:51  Drone  
  22  2:18  Extractor, Drone  
  22  2:19  Roach Warren  
  20  2:36  Queen  
  20  2:38  Queen  
  24  2:45  Drone x3  
  24  2:51  Spine Crawler  
  26  2:54  Spine Crawler  
  27  3:00  Spine Crawler  
  27  3:01  Spine Crawler  
  25  3:13  Roach  
  25  3:18  Overlord  
  25  3:19  Overlord  
  25  3:45  Lair  
  25  3:47  Roach x3  
  21  4:38  Drone x3  
  24  4:51  Drone  
  25  4:53  Glial Reconstitution  
  25  4:57  Drone  
  26  5:04  Queen  
  28  5:10  Hatchery  
  28  5:11  Drone  
  28  5:17  Ravager  
  28  5:18  Ravager x2  
  28  5:21  Drone  
  32  5:29  Drone  
  32  5:32  Overseer  
  33  5:40  Spore Crawler  
  33  5:41  Drone  
  33  5:56  Hatchery  
  32  6:00  Drone  
  32  6:02  Drone  
  34  6:08  Queen  
  36  6:18  Drone  
  37  6:23  Drone x2  
  39  6:33  Drone x2  
  39  6:34  Drone, Spire  
  39  6:37  Drone  
  42  6:44  Drone x2  
  44  6:49  Overlord  
  44  6:54  Extractor x2, Drone  
  43  6:55  Drone  
  44  7:08  Drone  
  45  7:11  Drone x2, Spore Crawler  
  45  7:12  Drone x3  
  49  7:20  Drone x3  
  49  7:21  Drone  
  53  7:27  Drone  
  53  7:28  Spore Crawler  
  53  7:33  Drone x2  
  53  7:34  Drone  
  56  7:39  Drone x2  
  56  7:43  Overlord  
  58  7:46  Overlord  
  58  8:00  Overlord x3  
  58  8:04  Zerg Flyer Armor Level 1  
  58  8:17  Corruptor x2  
  62  8:21  Drone x4  
  62  8:25  Drone x2  
  68  8:29  Drone x3  
  71  8:45  Spore Crawler x2, Corruptor x2  
  73  8:53  Corruptor x4  
  73  8:54  Corruptor  
  83  9:05  Spore Crawler  
  83  9:08  Overseer  
  82  9:12  Corruptor x2  
  84  9:40  Drone x9  
  84  9:41  Drone x5  
  88  9:48  Corruptor  
  88  9:51  Extractor  
  88  9:52  Extractor  
  88  9:55  Drone  
  88  9:56  Infestation Pit  
  88  10:00  Pneumatized Carapace  
  88  10:03  Corruptor x2  
  88  10:06  Drone x5  
  97  10:15  Overlord x3  
  97  10:17  Queen  
  97  10:18  Spore Crawler x2  
  97  10:19  Zerg Flyer Armor Level 2  
  97  10:41  Spore Crawler  
  92  10:43  Corruptor x3  
  98  10:53  Overseer  
  98  10:59  Zergling x26  
  109  11:12  Drone x3  
  109  11:14  Spore Crawler  
  107  11:36  Corruptor x3  
  107  11:39  Overlord x4  
  113  11:42  Hive  
  113  11:48  Spore Crawler  
  113  11:50  Hatchery  
  113  11:51  Corruptor  
  113  11:53  Extractor, Baneling Nest  
  111  11:54  Extractor  
  111  11:55  Spore Crawler  
  111  11:56  Metabolic Boost  
  109  12:17  Drone  
  109  12:18  Drone x15  
  125  12:29  Overlord  
  125  12:30  Overlord x2  
  125  12:35  Zerg Flyer Weapons Level 1  
  125  12:38  Centrifical Hooks  
  110  12:57  Corruptor x4  
  110  12:58  Corruptor x4  
  118  13:01  Zergling x2  
  118  13:02  Zergling x4  
  119  13:15  Corruptor x4  
  127  13:21  Baneling x3  
  127  13:22  Baneling x3  
  127  13:42  Queen  
  127  13:46  Queen  
  127  13:47  Drone x5  
  133  13:57  Overseer  
  133  13:58  Overseer x2  
  133  14:08  Corruptor x2  
  133  14:09  Corruptor x4  
  145  14:19  Drone x3  
  145  14:22  Drone x7  
  155  14:31  Greater Spire  
  155  14:35  Zergling x10  
  160  14:41  Spore Crawler x2  
  160  14:43  Drone x2, Adrenal Glands  
  160  14:44  Spire  
  159  14:50  Evolution Chamber  
  159  14:51  Evolution Chamber  
  157  15:12  Corruptor x4  
  159  15:15  Overlord x10  
  159  15:24  Overlord x3  
  159  15:35  Corruptor x6  
  171  16:02  Corruptor x9  
  137  16:39  Corruptor  
  125  16:40  Corruptor x9  
  141  17:00  Corruptor x5  
  149  17:04  Zergling x8  
  153  17:12  Extractor  
  153  17:13  Hatchery  
  153  17:15  Extractor  
  150  17:16  Zergling x2  
  150  17:17  Zergling x6  
  154  17:34  Zergling x10  
  145  18:23  Brood Lord x8  
  145  18:24  Brood Lord x4  
  167  18:27  Overseer x2  
  167  18:33  Zergling x20  
  167  18:34  Zergling x10  
  159  19:06  Corruptor x5  
  135  19:21  Corruptor  
Show
View Real Time Build Order
Export as new Build Order

Massa Terran - Winner!

Build Orders: 2 Factory, Hellion Opening 

Get SALT Encoding   

  12  0:00  SCV  
  13  0:12  SCV  
  14  0:19  Supply Depot  
  14  0:25  SCV  
  15  0:40  SCV  
  15  0:42  Barracks  
  16  0:45  Refinery  
  16  0:52  SCV  
  17  0:58  Refinery  
  17  1:05  SCV  
  18  1:17  SCV  
  19  1:29  Marine  
  19  1:31  Orbital Command  
  20  1:35  Factory  
  20  1:53  Supply Depot  
  20  1:56  Factory  
  20  2:01  Barracks Tech Lab  
  20  2:19  Supply Depot  
  20  2:27  Barracks Reactor, SCV  
  23  2:30  Hellion  
  23  2:35  Infernal Pre-Igniter  
  23  2:46  Hellion  
  27  2:51  Hellion  
  27  3:20  SCV  
  27  3:22  Hellion x3  
  34  3:43  Widow Mine x2  
  38  3:49  Supply Depot  
  38  3:51  Supply Depot  
  38  4:01  Widow Mine  
  30  4:37  Widow Mine x2  
  31  4:39  Siege Tank  
  31  4:41  Barracks Tech Lab  
  34  4:54  Command Center  
  32  5:02  Widow Mine x2  
  32  5:03  Marauder  
  32  5:04  Stimpack  
  38  5:11  Siege Tank  
  41  5:18  Starport  
  41  5:25  Marauder  
  43  5:33  Widow Mine x2  
  47  5:41  Barracks  
  47  5:46  Marauder  
  49  5:51  Siege Tank  
  52  6:07  Orbital Command  
  52  6:08  SCV  
  53  6:12  Starport Tech Lab  
  53  6:19  Barracks  
  53  6:20  SCV  
  53  6:24  Widow Mine  
  54  6:37  Barracks Reactor, Marauder  
  54  6:39  Banshee  
  59  6:42  SCV x2  
  61  6:54  SCV x2  
  65  7:08  Widow Mine  
  65  7:09  Widow Mine  
  65  7:12  SCV x2  
  69  7:17  Command Center  
  69  7:22  Engineering Bay  
  69  7:24  SCV  
  70  7:31  Supply Depot  
  70  7:34  Supply Depot  
  70  7:36  Supply Depot  
  70  7:37  SCV x2  
  70  7:44  Combat Shield  
  70  7:52  SCV x2, Marine  
  70  7:53  Marauder  
  75  8:05  SCV  
  76  8:14  Marauder  
  78  8:21  Siege Tank  
  78  8:22  Widow Mine x2  
  78  8:23  Marine  
  78  8:25  Barracks Tech Lab  
  86  8:33  Refinery  
  86  8:34  Refinery  
  86  8:35  Marauder  
  86  8:36  SCV  
  86  8:37  SCV  
  90  8:44  Concussive Shells  
  90  8:47  Marauder, Marine x2  
  94  8:48  SCV  
  94  8:49  SCV  
  96  8:57  Marauder  
  96  9:01  SCV x2  
  100  9:04  Marine  
  100  9:05  Marine  
  100  9:08  Marauder  
  104  9:15  Planetary Fortress  
  104  9:16  SCV  
  106  9:17  SCV  
  106  9:18  Marauder  
  106  9:22  Marine  
  106  9:25  Supply Depot  
  106  9:27  Supply Depot  
  106  9:29  SCV x2, Terran Infantry Weapons Level 1, Supply Depot  
  106  9:31  Supply Depot  
  108  9:41  SCV  
  109  9:46  SCV  
  109  9:47  Widow Mine x2, Marauder  
  109  9:49  Supply Depot  
  109  9:51  Supply Depot  
  114  9:53  SCV, Supply Depot  
  114  9:55  Supply Depot  
  114  9:56  Armory  
  114  9:58  SCV, Engineering Bay  
  106  10:12  Supply Depot  
  106  10:15  Siege Tank  
  106  10:16  Widow Mine  
  106  10:18  SCV x3  
  106  10:20  Marine  
  115  10:30  SCV x3  
  114  10:42  SCV x3  
  113  10:48  Siege Tank  
  116  10:54  SCV x3  
  118  11:06  SCV x2  
  118  11:07  SCV  
  118  11:08  Medivac  
  118  11:10  Marauder x2  
  118  11:11  Marine x2  
  121  11:28  Marine  
  121  11:29  Marine  
  121  11:32  Marauder x2  
  125  11:38  Medivac  
  127  11:45  SCV x2  
  127  11:46  Refinery, Marine  
  127  11:47  Marine  
  130  11:49  Refinery  
  130  11:53  Marauder x2  
  135  11:56  Terran Infantry Armor Level 1, Terran Infantry Weapons Level 2  
  135  11:57  Terran Vehicle Weapons Level 1  
  135  11:59  Command Center  
  135  12:04  Marine  
  136  12:10  Command Center  
  136  12:11  Medivac  
  116  13:03  Marauder x2, Marine  
  116  13:04  Marine  
  97  13:21  Marine  
  97  13:22  Marine  
  97  13:24  Barracks x2, Marauder x2  
  97  13:25  Barracks  
  95  13:27  Barracks x2  
  95  13:28  Barracks, Planetary Fortress  
  95  13:37  Planetary Fortress  
  95  13:39  Marine x2  
  97  13:46  Marauder x2  
  97  13:48  Command Center  
  101  13:51  Medivac  
  103  13:57  Marine x2  
  103  14:00  Terran Infantry Armor Level 2  
  103  14:01  Terran Vehicle Weapons Level 2  
  105  14:07  Marauder  
  105  14:09  Supply Depot  
  107  14:11  Supply Depot  
  107  14:15  Barracks Reactor, Barracks Tech Lab x2  
  107  14:16  Barracks Reactor, Barracks Tech Lab  
  107  14:17  Barracks Reactor  
  107  14:21  Medivac  
  107  14:23  Refinery  
  109  14:25  Refinery  
  109  14:27  SCV x2  
  109  14:29  SCV x2  
  113  14:32  Refinery  
  113  14:33  Ghost Academy  
  113  14:34  Refinery, Supply Depot  
  112  14:42  Marauder x2  
  112  14:43  Marauder x3, Marine  
  112  14:44  Marine  
  121  14:52  Marine x6  
  120  14:59  Ghost Academy  
  125  15:01  Marine  
  125  15:02  Marine  
  125  15:04  Marauder x4, Marine  
  125  15:06  Factory  
  136  15:07  Factory  
  136  15:08  Factory  
  136  15:10  Marine x6  
  140  15:19  Marine x2  
  142  15:22  Marauder  
  142  15:25  Marauder, Marine x3  
  142  15:26  Thor  
  142  15:27  Marine, Command Center  
  142  15:28  Widow Mine, Marine x5  
  158  15:29  Widow Mine  
  158  15:31  Medivac  
  167  15:36  Terran Infantry Weapons Level 3  
  167  15:37  Starport, Marine x2, Personal Cloaking  
  167  15:38  Nuke  
  169  15:43  Marauder, Marine x3  
  169  15:46  Marine  
  175  16:00  Marine  
  175  16:01  Marine, Medivac  
  179  16:09  Thor  
  156  16:16  Marauder  
  156  16:17  Marauder x2, Marine x2  
  147  16:18  Factory Tech Lab  
  147  16:19  Factory Tech Lab x2, Marauder x2  
  126  16:38  Marauder x3, Marine x8  
  138  16:40  Marauder, Marine, Planetary Fortress  
  138  16:42  SCV x3  
  138  16:43  SCV x2  
  146  16:48  Missile Turret  
  146  16:55  Marine  
  146  16:56  Marine x3, Planetary Fortress  
  146  16:58  Marauder  
  148  17:03  Nuke, Thor x4  
  148  17:08  Missile Turret  
  172  17:10  Starport Reactor  
  172  17:23  Smart Servos  
  172  17:24  Drilling Claws  
  172  17:28  Missile Turret  
  172  17:48  Missile Turret  
  170  18:00  Marauder, Marine  
  173  18:09  Missile Turret  
  149  18:30  Missile Turret  
  149  18:36  Medivac x3  
  148  19:03  Thor x4  
  148  19:04  Widow Mine  
  148  19:05  Widow Mine, Marine  
  148  19:06  Marauder x4, Marine x2, Medivac x3  
  148  19:07  Marauder, Marine x5  
  182  19:23  Marine x2  
  170  19:26  Widow Mine  
  170  19:27  Marauder x3  
  170  19:28  Marauder x2  
  170  19:30  Marine x4  
  170  19:31  Marine x2  
Show
View Real Time Build Order
Export as new Build Order

qqq Protoss - Winner!

Build Orders: Carriers 

Get SALT Encoding   

  12  0:00  Probe  
  13  0:13  Probe  
  14  0:25  Probe  
  15  0:31  Pylon  
  15  0:51  Forge  
  15  1:01  Probe  
  16  1:16  Pylon  
  16  1:25  Pylon  
  16  1:47  Photon Cannon  
  16  1:49  Photon Cannon  
  16  1:57  Pylon  
  16  2:02  Photon Cannon  
  16  2:19  Photon Cannon  
  16  2:23  Photon Cannon  
  15  2:40  Photon Cannon  
  15  2:41  Photon Cannon  
  15  2:42  Photon Cannon  
  15  2:48  Pylon  
  15  3:01  Photon Cannon  
  15  3:22  Probe  
  16  3:34  Probe, Nexus  
  17  3:46  Gateway  
  17  3:48  Probe (Chrono Boost)  
  18  3:57  Probe (Chrono Boost)  
  19  4:04  Pylon  
  19  4:07  Assimilator  
  19  4:28  Probe  
  20  4:40  Probe  
  20  4:45  Photon Cannon  
  21  4:48  Probe  
  21  4:52  Probe  
  23  4:58  Assimilator  
  23  5:00  Probe  
  23  5:03  Assimilator  
  23  5:04  Probe, Cybernetics Core  
  25  5:12  Probe  
  26  5:15  Photon Cannon  
  26  5:18  Probe (Chrono Boost)  
  26  5:19  Pylon  
  27  5:25  Probe (Chrono Boost)  
  28  5:30  Probe (Chrono Boost)  
  30  5:35  Probe (Chrono Boost)  
  30  5:37  Probe (Chrono Boost)  
  30  5:40  Probe (Chrono Boost), Assimilator  
  32  5:44  Probe  
  33  5:51  Probe  
  33  5:53  Stargate  
  33  5:56  Probe  
  35  5:58  Stargate  
  35  6:02  Pylon  
  35  6:09  Probe x2 (Chrono Boost)  
  39  6:18  Probe (Chrono Boost)  
  39  6:19  Probe (Chrono Boost)  
  39  6:23  Probe x2 (Chrono Boost)  
  41  6:35  Probe  
  42  6:43  Void Ray  
  42  6:45  Pylon  
  42  6:46  Nexus  
  46  6:55  Probe  
  46  6:58  Void Ray  
  47  7:07  Probe  
  52  7:18  Pylon  
  52  7:19  Probe  
  53  7:26  Phoenix  
  55  7:31  Probe, Fleet Beacon  
  55  7:36  Void Ray  
  56  7:42  Photon Cannon  
  60  7:46  Pylon  
  60  7:47  Void Ray  
  64  8:12  Probe  
  65  8:13  Void Ray  
  65  8:16  Assimilator  
  69  8:24  Probe, Void Ray  
  74  8:36  Probe  
  75  8:48  Probe  
  76  8:56  Carrier  
  76  9:00  Probe  
  83  9:06  Assimilator  
  83  9:07  Photon Cannon  
  83  9:08  Carrier  
  89  9:12  Probe  
  89  9:13  Protoss Air Weapons Level 1  
  90  9:20  Nexus  
  90  9:23  Pylon  
  90  9:24  Probe  
  91  9:36  Probe  
  81  9:48  Probe  
  82  9:54  Stargate  
  82  9:56  Pylon  
  82  9:59  Stargate  
  82  10:00  Carrier  
  88  10:08  Photon Cannon  
  88  10:11  Pylon  
  88  10:14  Probe (Chrono Boost)  
  88  10:19  Carrier  
  95  10:24  Probe (Chrono Boost)  
  96  10:29  Probe (Chrono Boost), Robotics Facility  
  97  10:40  Probe  
  94  10:50  Carrier  
  94  10:53  Probe  
  94  10:54  Tempest  
  106  11:01  Probe  
  106  11:03  Assimilator  
  107  11:04  Carrier  
  107  11:05  Probe  
  107  11:06  Assimilator  
  114  11:13  Probe  
  114  11:17  Probe  
  116  11:23  Phoenix  
  119  11:25  Probe  
  119  11:29  Probe  
  120  11:37  Probe, Carrier  
  127  11:41  Probe  
  127  11:45  Protoss Air Armor Level 1 (Chrono Boost)  
  128  11:48  Phoenix  
  128  11:49  Probe  
  131  12:00  Tempest  
  136  12:07  Nexus  
  136  12:10  Pylon  
  136  12:11  Observer  
  136  12:14  Pylon  
  137  12:17  Pylon  
  137  12:19  Pylon  
  137  12:21  Pylon x2  
  137  12:23  Pylon  
  137  12:28  Carrier  
  143  12:32  Pylon  
  143  12:41  Pylon  
  132  12:52  Void Ray x2  
  132  12:54  Pylon  
  132  12:58  Carrier  
  130  13:26  Void Ray  
  130  13:29  Void Ray x2  
  130  13:32  Probe  
  136  13:39  Probe  
  144  13:44  Probe  
  144  13:46  Protoss Air Weapons Level 2 (Chrono Boost)  
  145  13:51  Probe  
  145  13:53  Observer  
  147  13:56  Probe, Void Ray  
  152  14:03  Probe, Void Ray  
  152  14:06  Void Ray x2  
  152  14:08  Probe  
  158  14:14  Stargate  
  158  14:15  Observer, Stargate  
  158  14:16  Probe  
  168  14:19  Photon Cannon  
  168  14:20  Probe  
  168  14:22  Photon Cannon  
  169  14:24  Assimilator  
  169  14:28  Probe  
  169  14:29  Assimilator  
  170  14:32  Probe  
  170  14:33  Void Ray  
  170  14:36  Observer  
  172  14:40  Probe, Void Ray  
  172  14:43  Void Ray  
  172  14:44  Probe, Void Ray  
  178  14:51  Stargate  
  178  14:52  Probe, Photon Cannon  
  190  14:58  Observer  
  191  15:10  Void Ray  
  191  15:17  Void Ray  
  195  15:25  Probe  
  200  15:52  Photon Cannon  
  200  15:54  Photon Cannon  
  200  15:55  Shield Battery  
  197  16:13  Protoss Air Armor Level 2  
  165  16:33  Void Ray x4  
  165  16:35  Void Ray  
  177  16:40  Carrier x2  
  181  17:09  Shield Battery  
  181  17:10  Void Ray x4  
  181  17:11  Photon Cannon  
  181  17:14  Pylon  
  181  17:16  Pylon  
  191  17:44  Tempest  
  191  17:47  Void Ray  
  191  17:48  Void Ray  
  163  17:54  Carrier x2  
  181  18:01  Carrier x2  
  193  18:15  Photon Cannon  
  193  18:16  Photon Cannon  
  193  18:18  Photon Cannon  
  193  18:19  Shield Battery  
  191  18:27  Carrier  
  197  18:58  Tempest  
  198  19:03  Void Ray  
Tags
 
Add a new tag
Caveats
  • Supply blocks, unpowered buildings, or Contaminate may cause inaccurate times.
  • Supply counts are checked every 10 seconds.